Map: Daybreak LE (Void)

Players

IIIIIIIIIIII - Winner!

  • Race: Protoss Protoss
  • League: Diamond
  • Spawn Location: 7:00

Musumeci

  • Race: Zerg Zerg
  • League: Diamond
  • Spawn Location: 1:00

VOD

Have the link to the VOD?

Description

Time

  • Played on: Jan. 8, 2017, 8:57 a.m.
  • Length: 8:06
Show
View Real Time Build Order
Export as new Build Order

IIIIIIIIIIII Protoss - Winner!

Build Orders:  

Get SALT Encoding   

  12  0:02  Probe (Chrono Boost)  
  13  0:13  Probe (Chrono Boost)  
  14  0:23  Probe (Chrono Boost)  
  14  0:27  Pylon  
  15  0:45  Probe (Chrono Boost)  
  16  0:55  Probe (Chrono Boost)  
  17  1:02  Forge  
  17  1:06  Probe (Chrono Boost)  
  18  1:17  Nexus  
  17  1:26  Probe (Chrono Boost)  
  17  1:32  Gateway  
  18  1:36  Probe (Chrono Boost)  
  19  1:47  Probe (Chrono Boost)  
  19  1:51  Assimilator  
  20  1:55  Assimilator  
  20  1:58  Probe (Chrono Boost)  
  21  2:01  Photon Cannon  
  22  2:08  Probe (Chrono Boost)  
  22  2:19  Probe (Chrono Boost)  
  23  2:24  Cybernetics Core  
  23  2:26  Pylon  
  23  2:29  Zealot  
  25  2:32  Probe (Chrono Boost)  
  26  2:38  Probe (Chrono Boost)  
  26  2:42  Probe (Chrono Boost)  
  28  2:49  Probe (Chrono Boost)  
  29  2:53  Probe (Chrono Boost)  
  30  3:00  Probe (Chrono Boost)  
  30  3:03  Protoss Ground Weapons Level 1, Probe (Chrono Boost)  
  30  3:04  Robotics Facility  
  32  3:10  Probe (Chrono Boost)  
  33  3:14  Probe (Chrono Boost)  
  33  3:19  Pylon  
  34  3:21  Probe (Chrono Boost)  
  34  3:23  Warp Gate  
  34  3:24  Probe (Chrono Boost)  
  36  3:31  Probe (Chrono Boost)  
  37  3:35  Probe (Chrono Boost)  
  37  3:37  Pylon  
  38  3:43  Gateway  
  38  3:44  Gateway  
  38  3:46  Mothership Core (Chrono Boost)  
  40  3:50  Warp Prism  
  42  4:04  Gateway  
  42  4:06  Gateway  
  42  4:22  Immortal  
  42  4:25  Gateway  
  42  4:26  Gateway  
  42  4:29  Gateway  
  46  4:40  Gateway  
  46  4:42  Pylon  
  46  4:43  Pylon  
  46  4:48  Pylon  
  46  4:51  Pylon  
  46  4:56  Sentry  
  48  5:00  Immortal  
  52  5:15  Pylon  
  52  5:19  Protoss Shields Level 1  
  52  5:41  Zealot x7  
  52  5:42  Zealot x2  
  70  5:59  Pylon  
  70  6:03  Stalker x3  
  70  6:04  Zealot x4  
  84  6:29  Zealot x5  
  84  6:30  Zealot x2  
  74  6:33  Zealot  
  74  6:34  Zealot  
  74  6:51  Stalker x4  
  82  6:55  Zealot  
  74  7:09  Zealot x4  
  74  7:13  Zealot  
  82  7:19  Zealot x2  
  86  7:32  Stalker  
  86  7:33  Zealot  
  86  7:34  Zealot x2  
  94  7:39  Zealot x2  
  84  7:54  Zealot x2  
  84  7:55  Zealot x2  
Show
View Real Time Build Order
Export as new Build Order

Musumeci Zerg 

Build Orders: Hatch First 

Get SALT Encoding   

  12  0:00  Drone  
  13  0:10  Extractor  
  13  0:13  Drone  
  13  0:16  Drone  
  15  0:41  Hatchery  
  14  0:45  Extractor  
  14  0:47  Drone  
  15  0:53  Overlord  
  14  1:42  Drone x3  
  14  1:44  Spawning Pool, Extractor  
  15  1:52  Drone  
  15  1:53  Drone  
  17  2:03  Drone  
  17  2:05  Drone  
  19  2:18  Drone x2  
  21  2:26  Overlord  
  21  2:28  Drone  
  22  2:30  Queen  
  22  2:36  Drone x2  
  26  2:46  Queen  
  26  2:48  Metabolic Boost  
  28  2:52  Drone  
  28  2:54  Drone  
  28  2:57  Drone  
  31  3:04  Drone  
  32  3:09  Queen  
  32  3:12  Zergling x4  
  36  3:29  Overlord  
  36  3:31  Overlord  
  36  3:32  Overlord  
  36  3:58  Zergling x2  
  36  3:59  Zergling x10  
  36  4:00  Baneling Nest  
  36  4:02  Hatchery  
  40  4:16  Drone x3  
  40  4:17  Drone x4  
  47  4:23  Evolution Chamber  
  46  4:41  Spore Crawler  
  46  4:42  Spore Crawler  
  44  4:49  Zergling x18  
  53  5:09  Zergling x6  
  53  5:11  Drone x4  
  60  5:14  Lair  
  60  5:15  Extractor  
  59  5:25  Drone x5  
  64  5:33  Baneling x5  
  64  5:41  Drone  
  65  5:43  Drone x2, Extractor  
  65  5:45  Overlord x3  
  65  5:46  Overlord  
  66  5:55  Baneling x3  
  66  5:56  Baneling x2  
  66  6:00  Overlord  
  66  6:03  Zergling x10  
  66  6:04  Zergling x4  
  73  6:09  Baneling x3  
  55  6:33  Zergling x14  
  55  6:34  Zergling x8  
  59  6:43  Baneling x6  
  54  6:52  Baneling x4  
  54  6:53  Baneling x2  
  44  7:10  Zergling x22  
  39  7:29  Baneling x7  
  29  7:30  Baneling x2  
  29  7:32  Zergling x10  
  36  7:50  Baneling x4  
Tags
 
Add a new tag
Caveats
  • Supply blocks, unpowered buildings, or Contaminate may cause inaccurate times.
  • Supply counts are checked every 10 seconds.